 Dungeon Crawl Stone Soup version 0.29.0-13-gc9e81de378 (webtiles) character file.

Game seed: 14931690064918522959

1920 ImASeal the Basher (level 8, -1/124 HPs)
             Began as a Troll Berserker on Sept 7, 2022.
             Was an Elder of Trog.
             Splashed by a jelly's acid (10 damage)
             ... on level 5 of the Dungeon.
             The game lasted 00:15:49 (4439 turns).

ImASeal the Basher (Troll Berserker)                Turns: 4439, Time: 00:15:49

Health: -1/124     AC:  4    Str: 34    XL:     8   Next: 96%
Magic:  0/7        EV: 10    Int:  3    God:    Trog [****..]
Gold:   355        SH:  0    Dex:  9    Spells: 7/7 levels left

rFire   . . .      SeeInvis .   C - +2 whip (vamp)
rCold   . . .      Faith    .   (no shield)
rNeg    . . .      Spirit   +   b - +0 animal skin
rPois   .          Reflect  .   (helmet restricted)
rElec   .          Harm     .   (no cloak)
rCorr   .          Rampage  .   (gloves unavailable)
Will    .....                   (boots unavailable)
Stlth   ..........              y - amulet of guardian spirit
HPRegen 1.10/turn               r - +6 ring of strength
MPRegen 0.10/turn               (no ring)

@: berserking, very quick
A: large, unfitting armour, claws 3, regeneration 1, shaggy fur 1, tough skin 1
a: Renounce Religion, Berserk, Trog's Hand, Brothers in Arms


You were on level 5 of the Dungeon.
You worshipped Trog.
Trog was greatly pleased with you.
You visited 2 branches of the dungeon, and saw 7 of its levels.

You collected 355 gold pieces.

Inventory:

Hand Weapons
 a - a +0 mace
 B - a +2 whip of flaming
 C - a +2 vampiric whip (weapon)
Missiles
 l - 2 javelins
Armour
 b - a +0 animal skin (worn)
Jewellery
 r - a +6 ring of strength (left claw)
 y - an amulet of guardian spirit (around neck)
Wands
 g - a wand of roots (10)
 E - a wand of polymorph (8)
 F - a wand of paralysis (6)
Scrolls
 d - a scroll of fear {unknown}
 e - a scroll of vulnerability {unknown}
 i - a scroll of poison {unknown}
 j - a scroll of enchant armour
 m - 3 scrolls of identify
 o - 2 scrolls of amnesia {unknown}
 s - a scroll of teleportation {unknown}
 w - 2 scrolls of enchant weapon
 x - a scroll of noise {unknown}
 D - a scroll of magic mapping {unknown}
Potions
 c - a potion of mutation {unknown}
 f - a potion of curing {unknown}
 h - a potion of haste {unknown}
 k - a potion of heal wounds (quivered)
 n - a potion of berserk rage
 p - a potion of attraction {unknown}
 q - 3 potions of cancellation {unknown}
 t - a potion of resistance {unknown}
 u - a potion of might {unknown}
 v - 2 potions of ambrosia {unknown}
 z - a potion of degeneration {unknown}
 A - 2 potions of flight {unknown}
 G - a potion of brilliance {unknown}


   Skills:
 + Level 6.2 Fighting
 + Level 8.9 Maces & Flails
 + Level 0.5 Throwing
 - Level 2.9 Dodging


You had 7 spell levels left.
You didn't know any spells.
Your spell library was empty.

Dungeon Overview and Level Annotations

Branches:
Dungeon (6/15)             Temple (1/1) D:4

Altars:
Ashenzari
Cheibriados
Dithmenos
Elyvilon
Fedhas
Hepliaklqana
Makhleb
Nemelex Xobeh
Ru
Sif Muna
Trog
Uskayaw
Vehumet
Xom
Zin
The Shining One

Shops:
D:3 (   D:5 ((

Annotations:
D:6 Prince Ribbit


Innate Abilities, Weirdness & Mutations

You are too large for most types of armour.
You have claws for hands.
Your natural rate of healing is unusually fast.
You are covered in fur. (AC +1)
You have tough skin. (AC +1)


Message History

You whack the bullfrog!
You kill the bullfrog!
Trog accepts your kill. The iguana misses you. The jelly hits you.
* * * LOW HITPOINT WARNING * * *
You are splashed with acid!
* * * LOW HITPOINT WARNING * * *
The ice beast hits you.
* * * LOW HITPOINT WARNING * * *
The ice beast freezes you!
* * * LOW HITPOINT WARNING * * *
You are too berserk!
You barely miss the iguana.
You feel sick.
You are no longer poisoned.
You hit the iguana.
You feel better.
The iguana is moderately wounded.
The iguana barely misses you. The jelly barely misses you.
The ice beast closely misses you.
You barely miss the iguana.
The iguana is moderately wounded.
You hit the iguana.
The iguana is heavily wounded.
The iguana bites you!
* * * LOW HITPOINT WARNING * * *
The jelly misses you. The ice beast closely misses you.
You hit the iguana.
The iguana is almost dead.
You hit the iguana.
You feel the power of Trog in you as your rage grows.
You kill the iguana!
Trog accepts your kill. The jelly hits you but does no damage.
The ice beast barely misses you.
You barely miss the ice beast.
The ice beast is lightly wounded.
You whack the ice beast!
You feel better.
The ice beast is heavily wounded.
The jelly hits you.
* * * LOW HITPOINT WARNING * * *
You are splashed with acid!
You die... ####....# #PPPPP#.#

####P...P#.#
#####...P...P..#
#..[#...P...P#.###
####...#....PP......#
....................#
...............†.†..#
................@J..#
####...##......Y....# #
#...##...........#
###...##...........#
#.............<....#
##..................#
.#..................#
.#..................#
.########.....).....######


You could see an ice beast and a jelly.

Vanquished Creatures
  Pikel (D:4)
  The ghost of Prepator the Ruffian, a novice TrGl (D:5)
  A black bear (D:5)
  An ogre (D:5)
  3 lemures (D:4)
  Blork the orc (D:5)
  2 bullfrogs
  2 necrophages (D:5)
  A scorpion (D:5)
  A jelly (D:5)
  A gnoll bouda (D:4)
  2 orc priests (D:5)
  Jessica (D:2)
  Terence (D:2)
  2 iguanas (D:5)
  2 orc wizards
  10 gnolls
  6 adders
  A worm (D:1)
  2 dart slugs
  15 orcs
  7 endoplasms (D:1)
  10 giant cockroaches
  4 goblins
  6 hobgoblins
  8 jackals (D:1)
  5 quokkas
  10 ball pythons
  2 bats (D:1)
  6 frilled lizards
  7 kobolds
  10 rats
132 creatures vanquished.

Vanquished Creatures (others)
  3 toadstools (D:5)
3 creatures vanquished.

Grand Total: 135 creatures vanquished

Notes
Turn   | Place    | Note
-------+----------+-------------------------------------------
     0 | D:1      | ImASeal the Troll Berserker began the quest for the Orb.
     0 | D:1      | Reached XP level 1. HP: 22/22 MP: 0/0
     1 | D:1      | Found a runed translucent door.
   137 | D:1      | Reached XP level 2. HP: 28/29 MP: 1/1
   175 | D:1      | Found a faded altar of an unknown god.
   205 | D:1      | Reached skill level 3 in Maces & Flails
   370 | D:1      | Reached ** piety under Trog
   506 | D:1      | Reached XP level 3. HP: 36/36 MP: 2/2
   932 | D:2      | Noticed Terence
   995 | D:2      | Killed Terence
   996 | D:2      | Reached XP level 4. HP: 14/45 MP: 3/3
  1090 | D:2      | Reached skill level 4 in Maces & Flails
  1116 | D:2      | Noticed Jessica
  1125 | D:2      | Killed Jessica
  1190 | D:2      | Reached *** piety under Trog
  1451 | D:2      | Reached XP level 5. HP: 42/53 MP: 4/4
  1576 | D:3      | Found Dagoh's Weapon Shoppe.
  1949 | D:3      | Found a radiant altar of Vehumet.
  2280 | D:4      | Found a staircase to the Ecumenical Temple.
  2296 | Temple   | Entered the Ecumenical Temple
  2841 | D:4      | Noticed a lemure
  2868 | D:4      | Killed a lemure
  2907 | D:4      | Noticed a lemure
  2907 | D:4      | Noticed a lemure
  2921 | D:4      | Killed a lemure
  2932 | D:4      | Killed a lemure
  2999 | D:4      | Noticed a lemure
  3000 | D:4      | Noticed Pikel
  3022 | D:4      | Killed Pikel
  3023 | D:4      | Reached skill level 6 in Maces & Flails
  3023 | D:4      | Reached XP level 6. HP: 45/63 MP: 5/5
  3023 | D:4      | Reached XP level 7. HP: 51/71 MP: 6/6
  3473 | D:5      | Entered Level 5 of the Dungeon
  3491 | D:5      | Reached skill level 7 in Maces & Flails
  3678 | D:5      | Reached skill level 5 in Fighting
  3678 | D:5      | Reached XP level 8. HP: 80/80 MP: 7/7
  3692 | D:5      | Reached **** piety under Trog
  3821 | D:5      | Found a sacrificial altar of Ru.
  3866 | D:5      | Found a runed translucent door.
  3870 | D:5      | Found Hosok's Weapon Shop.
  3932 | D:5      | Noticed Blork the orc
  3942 | D:5      | Killed Blork the orc
  4001 | D:5      | Found Kegiog's Weapon Shoppe.
  4130 | D:5      | Reached skill level 8 in Maces & Flails
  4169 | D:5      | Found a burning altar of Makhleb.
  4169 | D:5      | Noticed a green death
  4228 | D:5      | Noticed Prepator's ghost (novice TrGl)
  4272 | D:5      | Killed Prepator's ghost
  4363 | D:6      | Noticed Prince Ribbit
  4435 | D:5      | HP: 6/124 [iguana (12)]
  4439 | D:5      | Splashed by a jelly's acid

Illustrated notes

Levels and vault maps discovered:
D:1:      dpeg_arrival_caged_fury, layout_basic,
          hellmonk_ecumenical_altar_lost_god, minmay_pentomino_u4
D:2:      layout_loops_ring, minivault_24, uniq_terence, uniq_jessica
D:3:      layout_basic, nicolae_vehumet_radiance, serial_shops,
          nicolae_shop_bloodbath_and_beyond
D:4:      layout_loops_ring, minmay_temple_entry_tees, kennysheep_windowed_goal,
          uniq_pikel
D:5:      layout_basic, mainiacjoe_overflow_24_doors, makhleb_altar_promises_db,
          serial_shops, nicolae_shop_hallway_plus, shop,
          ebering_ghost_reflecting_pool, minmay_gold_behind_fungi,
          uniq_blork_the_orc
D:6:      layout_rooms, uniq_crazy_yiuf_cottage, uniq_prince_ribbit1
Temple:   nicolae_temple_figure_eight

Skill      XL: |  1  2  3  4  5  6  7  8 |
---------------+-------------------------+-----
Maces & Flails | 3 4 6 7 8 |  8.9
Fighting       | 3 4 5 6 |  6.2
Throwing       | |  0.5
Dodging        | |  2.9

Action                   |  1- 3 |  4- 6 |  7- 9 || total
-------------------------+-------+-------+-------++-------
Melee: Mace              |   145 |   168 |       ||   313
       Punch             |       |     1 |     2 ||     3
       Whip              |       |       |   238 ||   238
Throw: Javelin           |       |       |     3 ||     3
  Use: Potion            |       |     4 |     3 ||     7
       Scroll            |       |       |     2 ||     2
 Stab: Sleeping          |       |     1 |     1 ||     2
Armor: Animal skin       |   111 |    34 |    57 ||   202
Dodge: Dodged            |   126 |   101 |   105 ||   332
